 Dungeon Crawl Stone Soup version 0.30.2 (webtiles) character file.

Game seed: 8577744345083571998

709 porpoise the Shooter (level 7, 0/39 HPs)
             Began as a Tengu Hunter on Mar 7, 2024.
             Was a Believer of Hepliaklqana.
             Slain by an orc
             ... wielding a +0 short sword
              (2 damage)
             ... on level 6 of the Dungeon.
             The game lasted 00:10:06 (4015 turns).

porpoise the Shooter (Tengu Hunter)                 Turns: 4015, Time: 00:10:06

Health: 0/39       AC:  5    Str: 11    XL:     7   Next: 68%
Magic:  8/8        EV: 14    Int: 10    God:    Hepliaklqana [**....]
Gold:   171        SH:  0    Dex: 19    Spells: 6/6 levels left

rFire   . . .        a - +1 shortbow
rCold   . . .        (shield currently unavailable)
rNeg    . . .        c - +0 leather armour
rPois   .            (helmet restricted)
rElec   .            (no cloak)
rCorr   .            k - +1 pair of gloves
SInv    .            (boots unavailable)
Will    .....        (no amulet)
Stlth   +++          (no ring)
HPRegen 0.26/turn    (no ring)
MPRegen 0.11/turn

%: no passive effects
@: flying quickly and evasively, quick
A: reduced essence, beak, talons 3, nimble flight
a: Renounce Religion, Recall Ancestor, Ancestor Identity


You were on level 6 of the Dungeon.
You worshipped Hepliaklqana.
Hepliaklqana was pleased with you.
You visited 2 branches of the dungeon, and saw 7 of its levels.

You collected 199 gold pieces.
You spent 28 gold pieces at shops.

Inventory:

Hand Weapons
 a - a +1 shortbow (weapon)
Missiles
 l - 8 poisoned darts
 y - 6 boomerangs
Armour
 c - a +0 leather armour (worn)
 k - a +1 pair of gloves (worn)
Jewellery
 z - an amulet of faith
Wands
 i - a wand of iceblast (22)
 u - a wand of acid (8)
 C - a wand of flame (14)
Scrolls
 b - a scroll of immolation
 d - a scroll of vulnerability {unknown}
 e - 3 scrolls of enchant weapon
 g - a scroll of enchant armour
 h - 4 scrolls of teleportation
 m - a scroll of magic mapping
 o - a scroll of fear {unknown}
 p - a scroll of blinking {unknown}
 r - a scroll of fog
 t - a scroll of torment {unknown}
 A - a scroll of amnesia {unknown}
 B - a scroll of silence {unknown}
Potions
 f - 3 potions of brilliance
 j - a potion of mutation
 n - a potion of ambrosia {unknown}
 q - 2 potions of magic {unknown}
 s - 3 potions of attraction {unknown}
 v - 2 potions of flight {unknown}
 w - 2 potions of resistance {unknown}
 x - a potion of heal wounds {unknown}


   Skills:
 + Level 4.4 Fighting
 * Level 7.8 Ranged Weapons
 - Level 2.1 Dodging
 + Level 4.4 Stealth


You had 6 spell levels left.
You didn't know any spells.
Your spell library contained the following spells:

 Spells                   Type           Power      Damage    Failure   Level
 Summon Forest            Summ/Tloc      0%         N/A       100%        5
 Eringya's Noxious Bog    Tmut/Pois      0%         N/A       100%        6
 Summon Hydra             Summ           0%         N/A       100%        7


Dungeon Overview and Level Annotations

Branches:
Dungeon (6/15)             Temple (1/1) D:4

Altars:
Ashenzari
Cheibriados
Dithmenos
Elyvilon
Fedhas
Gozag
Hepliaklqana
Kikubaaqudgha
Makhleb
Nemelex Xobeh
Okawaru
Ru
Sif Muna
Uskayaw
Vehumet
Wu Jian
Yredelemnul
Zin
The Shining One

Shops:
D:2 *   D:5 (


Innate Abilities, Weirdness & Mutations

Your life essence is reduced to manifest your ancestor. (-10% HP)
You have a beak for a mouth.
You have claws for feet.
Your magical nature lets you fly swiftly and evasively.


Message History

The gnoll is lightly wounded.
Nikki hits the orc with a +0 flail.
The orc priest calls upon Beogh to heal the orc.
The orc's wounds heal themselves!
The gnoll misses you.
Nikki blocks the iguana's attack.
The gnoll hits Nikki but does no damage.
Nikki barely misses the orc.
The orc priest calls down the wrath of Beogh upon you.
Beogh smites you!
The orc priest invokes the aid of Beogh against you.
Beogh smites you!
The iguana completely misses something.
You are too injured to fight recklessly!
You are too injured to fight recklessly!
You are too injured to fight recklessly!
You shoot an arrow. The arrow hits the gnoll!
The gnoll is almost dead.
The gnoll hits you with a +0 flail.
You shoot an arrow. The arrow hits the gnoll!
You kill the gnoll!
The gnoll hits you from afar with a +0 spear.
You shoot an arrow.
The arrow hits the orc but does no damage.
The gnoll closely misses you. The orc completely misses you.
Nikki closely misses the orc.
You shoot an arrow.
The arrow hits the orc but does no damage.
The gnoll closely misses you. The orc hits you with a +0 short sword.
* * * LOW HITPOINT WARNING * * *
Nikki blocks the iguana's attack.
Nikki closely misses the iguana.
The orc hits you with a +0 short sword.
* * * LOW HITPOINT WARNING * * *
The gnoll hits you from afar with a +0 spear.
* * * LOW HITPOINT WARNING * * *
Nikki blocks the iguana's attack.
You shoot an arrow. The arrow hits the orc.
The orc is almost dead.
A centaur comes into view.
The orc hits you with a +0 short sword.
You die...

..#....#####.#
#.###......#.#
*******
#.....####.#.#
*,,,,,* #######
*,#.#### *,....#
*,#....# *.....#
*,####.# *.....# *,*
#.# *.....#
**********,*
#.######.....#
,,,,,,,,,*,*
#.@oR...†....#
********,*,*
####gl.......#
*⌠8⌠*,**,,,***
#.c.......#
*,,,+,,*,,,*,*
#.........#
*,,,****,*,*,*
#o........#
*,,,+,,*,*,,,*
#.........#*****
*,,,*,,*,*****
#......?....,,,,
**+*****,*
#)o.........,,*,
,,,,,,,,,*
****#)..........*,*,


You could see the friendly Nikki the knight, a centaur, an iguana (ally target),
a gnoll and an orc.

Vanquished Creatures
  An ogre (D:5)
  2 bullfrogs (D:6)
  A jelly (D:4)
  2 orc priests (D:5)
  2 iguanas
  2 orc wizards
  3 gnolls (D:6)
  6 adders
  2 ufetubi (D:5)
  3 worms
  4 dart slugs
  7 orcs
  7 endoplasms
  2 giant cockroaches
  6 goblins
  3 hobgoblins
  2 jackals (D:3)
  5 kobolds
  8 quokkas
  6 ball pythons
  6 bats
  4 frilled lizards
  2 rats (D:2)
86 creatures vanquished.

Vanquished Creatures (collateral kills)
  A scorpion (D:5)
  A hound (D:5)
  A sleepcap (D:5)
  A worm (D:5)
  3 orcs
7 creatures vanquished.

Vanquished Creatures (others)
  2 ancestors (D:5)
2 creatures vanquished.

Grand Total: 95 creatures vanquished

Notes
Turn   | Place    | Note
-------+----------+-------------------------------------------
     0 | D:1      | porpoise the Tengu Hunter began the quest for the Orb.
     0 | D:1      | Reached XP level 1. HP: 12/12 MP: 2/2
    51 | D:1      | Reached XP level 2. HP: 17/17 MP: 3/3
   278 | D:1      | Reached XP level 3. HP: 22/22 MP: 4/4
   318 | D:1      | Reached skill level 5 in Ranged Weapons
   333 | D:1      | Found a faded altar of an unknown god.
   504 | D:1      | You fall into a shaft and drop 1 floor!
  1082 | D:2      | Reached XP level 4. HP: 27/27 MP: 5/5
  1175 | D:2      | Found Xupsoss's General Store.
  1182 | D:2      | Bought a scroll of identify for 28 gold pieces
  1726 | D:3      | Found a radiant altar of Vehumet.
  2090 | D:3      | Gained mutation: Your magical nature lets you fly swiftly
                  | and evasively. [Tengu growth]
  2090 | D:3      | Reached XP level 5. HP: 19/32 MP: 6/6
  2227 | D:4      | Found a staircase to the Ecumenical Temple.
  2235 | Temple   | Entered the Ecumenical Temple
  2306 | Temple   | Became a worshipper of Hepliaklqana the Forgotten
  2359 | D:4      | Reached skill level 6 in Ranged Weapons
  2758 | D:5      | Entered Level 5 of the Dungeon
  2774 | D:5      | Reached * piety under Hepliaklqana
  2790 | D:5      | Reached XP level 6. HP: 7/33 MP: 7/7
  3134 | D:5      | Found Atorph's Weapon Shop.
  3165 | D:5      | Found an opulent altar of Gozag.
  3219 | D:5      | Found a burning altar of Makhleb.
  3427 | D:5      | Reached skill level 7 in Ranged Weapons
  3427 | D:5      | Reached XP level 7. HP: 37/37 MP: 8/8
  3859 | D:6      | Reached ** piety under Hepliaklqana
  3860 | D:6      | Remembered your ancestor Nikki as a knight
  4015 | D:6      | Slain by an orc

Illustrated notes

Levels and vault maps discovered:
D:1:      dpeg_arrival_tiny_c, layout_rooms,
          shapermc_ecumenical_altar_mp_highgroup,
          amcnicky_mini_rare_corridor_liquid, serial_park_tiny_2
D:2:      layout_loops_cross, serial_shops, shop
D:3:      layout_loops_ring, mainiacjoe_overflow_cross_hatched
D:4:      layout_rooms, minmay_temple_entry_arrows
D:5:      layout_basic, mainiacjoe_overflow_24_doors, lemuel_round_altar,
          serial_shops, shop
D:6:      dreamdust_elfheim, layout_basic, uniq_duvessa
Temple:   kb_temple_of_zot

Skill      XL: |  1  2  3  4  5  6  7 |
---------------+----------------------+-----
Ranged Weapons | 5 6 7 |  7.8
Stealth        | 2 3 4 |  4.4
Fighting       | 3 4 |  4.4
Dodging        | |  2.1

Action                     |  1- 3 |  4- 6 |  7- 9 || total
---------------------------+-------+-------+-------++-------
   Fire: Shortbow          |    96 |   135 |    33 ||   264
 Invoke: Ancestor Identity |       |     1 |       ||     1
         Recall Ancestor   |       |       |     1 ||     1
         Ancestor Life: Kn |       |       |     1 ||     1
    Use: Scroll            |     1 |     6 |     1 ||     8
 Armour: Leather armour    |    10 |     6 |       ||    16
  Dodge: Dodged            |    21 |    19 |    11 ||    51
